 Dungeon Crawl Stone Soup version 0.21.1-1-g345015fe64 (webtiles) character file.

436 Kohma the Sneak (level 6, -5/28 HPs)
             Began as a Spriggan Venom Mage on June 21, 2018.
             Was an Initiate of Sif Muna.
             Slain by an ice beast (11 damage)
             ... on level 4 of the Dungeon.
             The game lasted 00:18:30 (5010 turns).

Kohma the Sneak (Spriggan Venom Mage)               Turns: 5010, Time: 00:18:31

Health: -5/28      AC:  3    Str:  6    XL:     6   Next: 68%
Magic:  13/13      EV: 20    Int: 17    God:    Sif Muna [......]
Gold:   284        SH:  0    Dex: 16    Spells: 7/13 levels left

rFire    . . .     SeeInvis +   a - +1 dagger (venom)
rCold    . . .     Gourm    .   (shield restricted)
rNeg     . . .     Faith    .   l - +1 robe
rPois    +         Spirit   .   (helmet restricted)
rElec    .         Reflect  .   (no cloak)
rCorr    .         Harm     .   (gloves unavailable)
MR       +....                  (boots unavailable)
Stlth    +++.......             (no amulet)
HPRegen  0.09/turn              p - ring of poison resistance
MPRegen  0.13/turn              (no ring)

@: very quick
A: very small, unfitting armour, see invisible, herbivore, speed 3, slow
metabolism 2
a: Renounce Religion


You were on level 4 of the Dungeon.
You worshipped Sif Muna.
Sif Muna was noncommittal.
You were not hungry.

You visited 2 branches of the dungeon, and saw 6 of its levels.

You collected 284 gold pieces.

Inventory:

Hand Weapons
 a - a +1 dagger of venom (weapon)
 b - a +0 hunting sling
 q - a +0 dagger
Missiles
 j - 34 sling bullets
Armour
 l - a +1 robe (worn)
Jewellery
 p - a ring of poison resistance (left hand)
Wands
 v - a wand of random effects (23)
Scrolls
 f - 3 scrolls of teleportation
 i - a scroll of magic mapping
 o - a scroll of identify
 s - 4 scrolls of enchant armour
Potions
 c - 2 potions of magic {unknown}
 d - a potion of berserk rage {unknown}
 g - a potion of haste {unknown}
 h - a potion of flight {unknown}
 n - a potion of might {unknown}
 r - a potion of brilliance {unknown}
 t - 3 potions of curing {unknown}
Books
 e - a Young Poisoner's Handbook

   Spells                             Type                      Level
   a - Sting                          Conjuration/Poison           1
   b - Poisonous Vapours              Poison/Air                   2
   c - Mephitic Cloud                 Conjuration/Poison/Air       3
   d - Olgreb's Toxic Radiance        Poison                       4
   e - Venom Bolt                     Conjuration/Poison           5
 k - a book of Callings

   Spells                             Type                      Level
   a - Summon Small Mammal            Summoning                    1
   b - Call Imp                       Summoning                    2
   c - Call Canine Familiar           Summoning                    3
   d - Summon Guardian Golem          Hexes/Summoning              3
   e - Summon Lightning Spire         Summoning/Air                4
   f - Summon Ice Beast               Ice/Summoning                4


   Skills:
 + Level 4.5 Dodging
 + Level 5.2 Stealth
 + Level 4.1 Spellcasting
 + Level 2.0 Conjurations
 * Level 2.0 Air Magic
 * Level 4.7 Poison Magic


You had 7 spell levels left.
You knew the following spells:

 Your Spells              Type           Power        Failure   Level  Hunger
a - Sting                 Conj/Pois      ###.         3%          1    None
b - Poisonous Vapours     Pois/Air       ###...       6%          2    ##.....
c - Mephitic Cloud        Conj/Pois/Air  ##......     14%         3    ###....


Dungeon Overview and Level Annotations

Branches:
Dungeon (5/15)             Temple (1/1) D:4

Altars:
Ashenzari
Cheibriados
Dithmenos
Elyvilon
Fedhas
Gozag
Hepliaklqana
Kikubaaqudgha
Makhleb
Nemelex Xobeh
Okawaru
Qazlal
Ru
Sif Muna
Trog
Uskayaw
Vehumet
Wu Jian
Xom
Yredelemnul
Zin
The Shining One


Innate Abilities, Weirdness & Mutations

You are very small and have problems with some larger weapons.
You are too small for most types of armour.
You have supernaturally acute eyesight. (SInv)
You are a herbivore.
You cover ground extremely quickly.
You need consume almost no food.


Message History

The ice beast barely misses you.
You hit the ice beast but do no damage.
The ice beast is moderately wounded.
The ice beast hits you. The ice beast freezes you.
* * * LOW HITPOINT WARNING * * *
You hit the ice beast.
The ice beast is moderately wounded.
The ice beast closely misses you.
You hit the ice beast but do no damage.
The ice beast is moderately wounded.
The ice beast misses you.
You barely miss the ice beast.
The ice beast is heavily wounded.
The ice beast misses you.
You hit the ice beast but do no damage.
The ice beast is severely wounded.
The ice beast hits you.
* * * LOW HITPOINT WARNING * * *
The ice beast freezes you!
You die...

.#...#.#.#..'..).................
###.######+##....................
###.........................#####
..'.........................#....
..#..........#########'#....#....
..####+#....>#.........#....'...>
.......#....)#......รท..######....
<......#.....##'###........##....
..##...'.......Y@.#........#####+
..##...#.....<....#....##..#####.
..##..##..........#....##........
..##..#...........#....#.........
...'..+......##.#......#.........
####.)#......##.#.#....##..##+###
...#..#......##.._..#####..##..#.
...#..#......####.#....'....#..'.
...####......# #......#....#>.#.


You could see an ice beast.

Vanquished Creatures
  A scorpion (D:4)
  An orc priest (D:3)
  Jessica (D:3)
  Terence (D:3)
  3 worker ants
  Robin (D:3)
  A gnoll (D:1)
  11 adders
  3 oozes
  3 worms (D:2)
  2 dart slugs
  3 leopard geckos
  13 orcs
  4 bats
  2 giant cockroaches (D:3)
  6 hobgoblins
  A quokka (D:2)
  3 ball pythons
  2 frilled lizards
  15 goblins
  2 jackal skeletons (D:4)
  5 kobolds
  8 rats
92 creatures vanquished.

Notes
Turn   | Place    | Note
-------+----------+-------------------------------------------
     0 | D:1      | Kohma the Spriggan Venom Mage began the quest for the Orb.
     0 | D:1      | Reached XP level 1. HP: 9/9 MP: 5/5
   394 | D:1      | Reached XP level 2. HP: 13/13 MP: 1/6
   400 | D:1      | Learned a level 2 spell: Poisonous Vapours
   548 | D:1      | Reached skill level 1 in Conjurations
   681 | D:1      | Reached XP level 3. HP: 16/16 MP: 5/8
  1490 | D:2      | Reached XP level 4. HP: 21/21 MP: 1/9
  1597 | D:2      | Learned a level 3 spell: Mephitic Cloud
  1832 | D:2      | Reached skill level 4 in Stealth
  2696 | D:3      | Reached XP level 5. HP: 24/24 MP: 6/11
  3025 | D:3      | Noticed Jessica
  3030 | D:3      | Killed Jessica
  3030 | D:3      | Reached skill level 1 in Air Magic
  3086 | D:3      | Noticed Terence
  3109 | D:3      | Killed Terence
  3545 | D:3      | Noticed Robin
  3556 | D:3      | Killed Robin
  3556 | D:3      | Reached XP level 6. HP: 28/28 MP: 1/12
  3760 | D:4      | Found a staircase to the Ecumenical Temple.
  3770 | Temple   | Entered the Ecumenical Temple
  3877 | Temple   | Became a worshipper of Sif Muna the Loreminder
  3966 | D:4      | Reached skill level 5 in Stealth
  4137 | D:4      | Found a shattered altar of Ashenzari.
  4923 | D:5      | Entered Level 5 of the Dungeon
  4948 | D:5      | Noticed an ice beast
  5010 | D:4      | Slain by an ice beast

Skill      XL: |  1  2  3  4  5  6 |
---------------+-------------------+-----
Conjurations   | 1 2 |  2.0
Spellcasting   | 3 4 |  4.1
Stealth        | 4 5 |  5.2
Poison Magic   | 4 |  4.7
Dodging        | 4 |  4.5
Air Magic      | 1 2 |  2.0

Action                   |  1- 3 |  4- 6 || total
-------------------------+-------+-------++-------
Melee: Dagger            |       |   117 ||   117
 Fire: Hunting sling     |     9 |     1 ||    10
 Cast: Sting             |    32 |    19 ||    51
       Poisonous Vapours |    19 |    56 ||    75
       Mephitic Cloud    |       |     7 ||     7
  Use: Scroll            |       |     8 ||     8
 Stab: Sleeping          |       |    12 ||    12
  Eat: Ration            |       |     3 ||     3
Armor: Robe              |       |     8 ||     8
Dodge: Dodged            |     5 |   105 ||   110
